Map: World of Sleepers LE

Players

Elazer - Winner!

  • Race: Zerg Zerg
  • Spawn Location: 1:00

PtitDrogo

  • Race: Protoss Protoss
  • League: Master
  • Spawn Location: 7:00

VOD

Have the link to the VOD?

Description

Time

  • Played on: Sept. 7, 2019, 3:27 p.m.
  • Length: 4:08
Show
View Real Time Build Order
Export as new Build Order

Elazer Zerg - Winner!

Build Orders: Pool First 

Get SALT Encoding   

  12  0:00  Drone  
  13  0:13  Overlord  
  13  0:17  Drone  
  14  0:31  Drone x2  
  14  0:35  Drone  
  17  0:40  Extractor  
  16  0:46  Spawning Pool  
  15  0:50  Drone  
  15  0:56  Drone  
  17  1:07  Drone  
  18  1:24  Hatchery  
  17  1:32  Zergling x4  
  19  1:39  Queen  
  21  1:46  Metabolic Boost  
  21  1:52  Zergling x2  
  22  2:00  Overlord  
  22  2:20  Zergling x4  
  24  2:25  Zergling x2  
  25  2:40  Zergling x4  
  26  2:46  Zergling x2  
  26  2:49  Zergling x8  
  31  2:58  Zergling x4  
  32  3:17  Zergling x4  
  34  3:23  Zergling x2  
  34  3:24  Zergling x2  
  36  3:31  Zergling x2  
  35  3:41  Zergling x2  
Show
View Real Time Build Order
Export as new Build Order

PtitDrogo Protoss 

Build Orders: 1 Gate Expand 

Get SALT Encoding   

  12  0:00  Probe  
  13  0:12  Probe  
  14  0:20  Pylon  
  14  0:24  Probe  
  15  0:35  Probe  
  16  0:43  Probe  
  16  0:45  Gateway  
  17  0:50  Assimilator  
  17  0:58  Probe  
  18  1:10  Probe  
  19  1:23  Probe  
  20  1:27  Nexus  
  20  1:36  Cybernetics Core  
  20  1:39  Probe  
  21  1:44  Assimilator  
  21  1:52  Probe  
  22  1:54  Pylon  
  22  2:02  Warp Gate, Adept  
  22  2:04  Probe  
  25  2:16  Probe  
  26  2:30  Gateway  
  26  2:32  Pylon, Probe  
  27  2:40  Sentry  
  27  2:44  Probe x2  
  29  2:56  Probe  
  30  2:59  Probe  
  30  3:04  Probe, Robotics Facility  
  31  3:06  Sentry  
  31  3:12  Probe x2  
  36  3:22  Probe  
  36  3:24  Probe  
  33  3:34  Probe  
  26  3:44  Probe  
  26  3:46  Probe  
  16  3:50  Adept x2  
Tags
 
Add a new tag
Caveats
  • Supply blocks, unpowered buildings, or Contaminate may cause inaccurate times.
  • Supply counts are checked every 10 seconds.